 Dungeon Crawl Stone Soup version 0.27-a0-61-g21144fbd99 (webtiles) character file.

Game seed: 15221111484703311825

1808 robertstho the Fighter (level 8, -15/74 HPs)
             Began as a Minotaur Abyssal Knight on Jan 8, 2021.
             Was a Priest of Lugonu.
             Demolished by an ogre
             ... wielding a +0 giant spiked club
              (24 damage)
             ... on level 7 of the Dungeon.
             The game lasted 00:10:19 (7330 turns).

robertstho the Fighter (Minotaur Abyssal Knight)    Turns: 7330, Time: 00:10:19

Health: -15/74     AC: 12    Str: 18      XL:     8   Next: 84%
Magic:  10/10      EV:  8    Int:  9      God:    Lugonu [***...]
Gold:   466        SH:  0    Dex: 10 (11) Spells: 7/7 levels left

rFire    . . .     SeeInvis .   o - +0 shortbow
rCold    + . .     Faith    .   (shield currently unavailable)
rNeg     . . .     Spirit   .   c - +0 chain mail
rPois    .         Reflect  .   (helmet restricted)
rElec    .         Harm     .   (no cloak)
rCorr    .         Rampage  .   v - +1 pair of gloves
Will     .....                  (no boots)
Stlth    ..........             (no amulet)
HPRegen  0.22/turn              l - ring of protection from cold
MPRegen  0.12/turn              m - ring of flight

@: no status effects
A: retaliatory headbutt, horns 2
a: Renounce Religion, Evoke Flight, Depart the Abyss, Bend Space, Banish


You were on level 7 of the Dungeon.
You worshipped Lugonu.
Lugonu was most pleased with you.
You visited 1 branch of the dungeon, and saw 7 of its levels.
You visited the Abyss 1 time.

You collected 466 gold pieces.

Inventory:

Hand Weapons
 a - a +1 hand axe
 j - a +1 short sword of protection
 o - a +0 shortbow (weapon)
 s - a +1 halberd of freezing
Missiles
 e - a boomerang
 g - 64 stones
 i - 34 arrows (quivered ammo)
 k - 63 sling bullets
 p - 2 throwing nets
 r - 84 bolts
Armour
 c - a +0 chain mail (worn)
 v - a +1 pair of gloves (worn)
Jewellery
 l - a ring of protection from cold (left hand)
 m - a ring of flight (right hand)
Wands
 q - a wand of iceblast (7)
Scrolls
 d - 9 scrolls of remove curse
 f - a scroll of blinking
Potions
 b - a potion of brilliance {unknown}
 n - a potion of mutation


   Skills:
 * Level 8.1 Fighting
 + Level 4.7 Short Blades
 + Level 3.3 Axes
 + Level 4.9 Bows
 + Level 0.6 Throwing
 + Level 5.6 Armour
 + Level 2.9 Dodging
 * Level 4.7 Invocations
 + Level 0.3 Evocations


You had 7 spell levels left.
You didn't know any spells.
Your spell library contained the following spells:

 Spells                   Type           Power        Failure   Level
 Magic Dart               Conj           0%           99%         1
 Blink                    Tloc           N/A          100%        2
 Call Imp                 Summ           0%           100%        2
 Slow                     Hex            0%           100%        2
 Conjure Flame            Conj/Fire      0%           100%        3
 Mephitic Cloud           Conj/Pois/Air  0%           100%        3


Dungeon Overview and Level Annotations

Branches:
Dungeon (7/15)
 Temple: D:4-7

Altars:
Ru
Sif Muna

Annotations:
D:5 Edmund, Ijyb


Innate Abilities, Weirdness & Mutations

You reflexively headbutt those who attack you in melee.
You have a pair of horns on your head.


Message History

You shoot an arrow. The arrow hits the ogre.
The ogre is almost dead.
The ogre hits you with a +0 giant spiked club!
* * * LOW HITPOINT WARNING * * *
Fire: 36 arrows
Press: ? - help, Q - select action, (/) - cycle Shift-Dir - straight line, f - ogre
Aim: an ogre, wielding a +0 giant spiked club (almost dead)
You shoot an arrow. The arrow barely misses the ogre.
Unknown command.
Fire: 35 arrows
Press: ? - help, Q - select action, (/) - cycle Shift-Dir - straight line, f/p - ogre
Aim: an ogre, wielding a +0 giant spiked club (almost dead)
You shoot an arrow.
The arrow hits the ogre but does no damage.
The ogre is almost dead.
The ogre hits you with a +0 giant spiked club!
* * * LOW HITPOINT WARNING * * *
It was a potion of curing.
You feel better.
The ogre hits you with a +0 giant spiked club!!
You die...

.[# ...# # ...# (##
...# #. (( #..# #.#.
#[.# #(F###..#
#O....#
#@#...#######
#(..........#
#...###.....|..#
#### #.#.
##........# #... #
.. #.........###.#.
..............'..>#.
##.#..#.......#####.
#...########## #.
##. #############.


You could see an ogre and a bullfrog.

Vanquished Creatures
  Grinder (D:5)
  Menkaure (D:4)
  A water moccasin (D:6)
  A black bear (D:6)
  A phantom (D:6)
  An ice beast (D:7)
  An ogre (D:5)
  2 centaurs
  2 bullfrogs (D:6)
  2 howler monkeys
  A bullfrog zombie (D:5)
  A jelly (D:7)
  A hound (D:4)
  2 bullfrog skeletons (D:5)
  2 orc priests (D:3)
  7 worker ants
  A hound zombie (D:6)
  11 gnolls
  7 adders
  A shadow imp (D:6)
  2 white imps (D:6)
  An ufetubus (D:5)
  An ooze (D:1)
  An adder skeleton (D:4)
  A worm (D:6)
  2 dart slugs (D:1)
  5 leopard geckos
  8 orcs
  5 bats (D:1)
  2 giant cockroaches
  12 hobgoblins
  3 quokkas
  A ball python (D:3)
  9 frilled lizards
  14 goblins
  6 kobolds
  7 rats
127 creatures vanquished.

Notes
Turn   | Place    | Note
-------+----------+-------------------------------------------
     0 | Abyss:1  | robertstho the Minotaur Abyssal Knight began the quest for
                  | the Orb.
     0 | Abyss:1  | Reached XP level 1. HP: 19/19 MP: 1/1
    86 | Abyss:1  | Noticed an ancient zyme
   105 | D:1      | Escaped the Abyss
   173 | D:1      | Reached skill level 4 in Fighting
   242 | D:1      | Reached XP level 2. HP: 20/28 MP: 2/2
   396 | D:1      | Reached * piety under Lugonu
   886 | D:1      | Reached XP level 3. HP: 31/35 MP: 3/3
  1052 | D:1      | Reached skill level 5 in Fighting
  1543 | D:2      | Reached XP level 4. HP: 35/42 MP: 4/4
  2045 | D:2      | Reached ** piety under Lugonu
  2617 | D:2      | You fall into a shaft and drop 1 floor!
  2917 | D:3      | Reached XP level 5. HP: 50/50 MP: 5/5
  2960 | D:3      | Reached skill level 1 in Short Blades
  3593 | D:3      | Reached skill level 6 in Fighting
  3600 | D:3      | Reached XP level 6. HP: 40/57 MP: 5/7
  4049 | D:4      | Reached *** piety under Lugonu
  4256 | D:4      | Found a sacrificial altar of Ru.
  4567 | D:4      | Noticed Menkaure
  4575 | D:4      | Killed Menkaure
  4576 | D:4      | Reached XP level 7. HP: 28/64 MP: 8/8
  5021 | D:5      | Entered Level 5 of the Dungeon
  5137 | D:5      | Reached skill level 7 in Fighting
  5257 | D:5      | Noticed Grinder
  5259 | D:5      | Paralysed by Grinder for 4 turns
  5295 | D:5      | Killed Grinder
  5296 | D:5      | Reached skill level 1 in Bows
  5296 | D:5      | Reached XP level 8. HP: 55/73 MP: 9/9
  5410 | D:5      | Noticed Edmund
  5443 | D:5      | Noticed Ijyb
  5549 | D:6      | Reached skill level 5 in Armour
  6650 | D:6      | Reached skill level 8 in Fighting
  6748 | D:6      | Found a shimmering blue altar of Sif Muna.
  7329 | D:7      | HP: 3/74 [ogre/+0 giant spiked club (16)]
  7330 | D:7      | Demolished by an ogre

Illustrated notes

Levels and vault maps discovered:
D:1:      dpeg_arrival_radiant, layout_loops_ring
D:2:      minmay_general_purpose_star, layout_basic,
          hangedman_decor_diamond_cutter
D:3:      layout_loops_ring
D:4:      kennysheep_spiral_hall, layout_basic, lemuel_doored_altar,
          uniq_menkaure
D:5:      layout_cave_pods, temple_hall, basic_altar, grunt_qazlal_sundering,
          uniq_grinder, uniq_duvessa, uniq_ijyb, uniq_edmund
D:6:      minmay_spotlight, layout_loops_cross, led_sif_pool
D:7:      layout_basic, nemelex_xobeh_ov_fountains_minmay, marbit_many_paths,
          minmay_starry_boxes

Skill      XL: |  1  2  3  4  5  6  7  8 |
---------------+-------------------------+-----
Fighting       | 4 5 6 7 8 |  8.1
Invocations    | 2 3 4 |  4.7
Axes           | 3 |  3.3
Armour         | 3 4 5 |  5.6
Short Blades   | 1 3 4 |  4.7
Dodging        | 2 |  2.9
Bows           | 1 4 |  4.9
Throwing       | |  0.6
Evocations     | |  0.3

Action                   |  1- 3 |  4- 6 |  7- 9 || total
-------------------------+-------+-------+-------++-------
Melee: Hand axe          |    56 |       |       ||    56
       Headbutt          |     8 |    31 |    16 ||    55
       Short sword       |    13 |   194 |    85 ||   292
 Fire: Shortbow          |       |       |   160 ||   160
Throw: Stone             |       |    21 |       ||    21
Invok: Depart the Abyss  |     1 |       |       ||     1
       Bend Space        |       |     1 |       ||     1
Evoke: Wand              |       |       |    11 ||    11
  Use: Scroll            |       |     6 |     5 ||    11
       Potion            |       |     5 |     2 ||     7
Armor: Leather armour    |    17 |    40 |       ||    57
       Skin              |       |    30 |       ||    30
       Chain mail        |       |    34 |   106 ||   140
Dodge: Dodged            |    37 |   114 |    86 ||   237

Table legend: (Time is in decaauts)
 A = Elapsed time spent in this place.
 B = Non-inter-level travel time spent in this place.
 C = Inter-level travel time spent in this place.
 D = Time resting spent in this place.
 E = Time spent auto-exploring this place.
 F = Levels seen in this place.
 G = Mean time per level.
                   A        B        C        D        E       F      G
               +--------+--------+--------+--------+--------+-----+--------+
         Total |   7347 |   7039 |    308 |   1170 |   4805 |   8 |  918.4 |
       Dungeon |   7242 |   6934 |    308 |   1170 |   4719 |   7 | 1034.6 |
         Abyss |    105 |    105 |      0 |      0 |     86 |   1 |  105.0 |
               +--------+--------+--------+--------+--------+-----+--------+

Top non-repeatable levels by time:
     D:6: 1649 daAuts
     D:1: 1385 daAuts
     D:3: 1375 daAuts
     D:2: 1143 daAuts
     D:4: 1016 daAuts
     D:5: 438 daAuts
     D:7: 233 daAuts
 Abyss:1: 105 daAuts
